 Dungeon Crawl Stone Soup version 0.28-a0-447-g1f95980246 (webtiles) character file.

Game seed: 12014682880747551897

3773 nicanaca0 the Carver (level 9, -6/82 HPs)
             Began as a Minotaur Berserker on Sept 11, 2021.
             Was an Elder of Trog.
             Mangled by Gastronok (23 damage)
             ... on level 8 of the Dungeon on Sept 12, 2021.
             The game lasted 00:15:13 (7394 turns).

nicanaca0 the Carver (Minotaur Berserker)           Turns: 7394, Time: 00:15:14

Health: -6/82      AC: 14    Str: 21    XL:     9   Next: 94%
Magic:  17/17      EV:  7    Int:  7    God:    Trog [****..]
Gold:   393        SH:  0    Dex: 11    Spells: 8/8 levels left

rFire   . . .      SeeInvis .   a - +0 falchion (flame)
rCold   . . .      Faith    .   (no shield)
rNeg    . . .      Spirit   .   N - +0 plate armour
rPois   .          Reflect  .   (helmet restricted)
rElec   .          Harm     .   (no cloak)
rCorr   .          Rampage  .   H - +0 pair of gloves
Will    ++...                   (no boots)
Stlth   ..........              (no amulet)
HPRegen 1.23/turn               B - ring of magical power
MPRegen 0.15/turn               (no ring)

@: strong-willed, regenerating
A: horns 2, retaliatory headbutt
a: Renounce Religion, Berserk, Trog's Hand, Brothers in Arms


You were on level 8 of the Dungeon.
You worshipped Trog.
Trog was greatly pleased with you.
You visited 2 branches of the dungeon, and saw 9 of its levels.
You also visited: Sewer.

You collected 393 gold pieces.

Inventory:

Hand Weapons
 a - a +0 falchion of flaming (weapon)
 b - a +1 hunting sling
 f - a +0 short sword of draining
 j - a +0 whip of flaming
 y - a +1 whip of venom
 G - the +8 spear of Qocei {vorpal, rCorr MP+9}
   (You found it on level 5 of the Dungeon)

   It inflicts extra damage upon your enemies.
   MP:        It affects your magic capacity (+9).
   rCorr:     It protects you from acid and corrosion.
 O - a +0 dagger of holy wrath
Missiles
 e - 180 stones (quivered)
 l - 76 sling bullets
 q - 24 poisoned darts
 z - 9 boomerangs
Armour
 H - a +0 pair of gloves (worn)
 N - a +0 plate armour (worn)
Jewellery
 B - a ring of magical power (left hand)
Wands
 d - a wand of flame (12)
 h - a wand of digging (14)
 K - a wand of charming (8)
Scrolls
 g - a scroll of torment {unknown}
 t - a scroll of holy word
 w - 2 scrolls of fog
 x - 2 scrolls of immolation
 A - a scroll of blinking {unknown}
 C - 2 scrolls of enchant weapon
 D - a scroll of brand weapon
 E - 2 scrolls of teleportation {@r2}
 F - 2 scrolls of magic mapping {unknown}
 I - a scroll of enchant armour
 P - 2 scrolls of fear {unknown}
 R - 2 scrolls of identify {@r1}
Potions
 c - a potion of attraction {unknown}
 i - a potion of brilliance
 k - a potion of berserk rage {unknown}
 n - 4 potions of cancellation
 o - a potion of lignification {unknown}
 p - a potion of invisibility
 r - 2 potions of curing {@q1}
 s - 4 potions of haste
 u - 3 potions of might
 v - a potion of flight
 J - a potion of heal wounds {@q2}
 L - a potion of ambrosia
 M - a potion of mutation {unknown}
 Q - a potion of resistance {unknown}
Miscellaneous
 m - a piece from Xom's chessboard (15/15)


   Skills:
 + Level 8.4 Fighting
 * Level 13.1 Long Blades
 + Level 8.0 Armour
 - Level 2.1 Dodging
 + Level 1.5 Evocations


You had 8 spell levels left.
You didn't know any spells.
Your spell library was empty.

Dungeon Overview and Level Annotations

Branches:
Dungeon (8/15)             Temple (1/1) D:4            Lair (0/6) D:8
  Sewer (visited)

Altars:
Ashenzari
Fedhas
Hepliaklqana
Okawaru
Qazlal
Ru
Sif Muna
Trog
Vehumet
Xom
The Shining One

Annotations:
D:6 1 exclusion, Blork the orc
D:8 Gastronok


Innate Abilities, Weirdness & Mutations

You have a pair of horns on your head.
You reflexively headbutt those who attack you in melee.


Message History

Gastronok closely misses you.
You hit Gastronok. You burn Gastronok. You headbutt Gastronok.
Gastronok is heavily wounded.
You hit Gastronok. You burn Gastronok. You headbutt Gastronok.
Gastronok is heavily wounded.
You slash Gastronok! You burn Gastronok.
Gastronok is heavily wounded.
Gastronok barely misses you.
You hit Gastronok but do no damage. You headbutt Gastronok!
Gastronok is severely wounded.
You hit Gastronok but do no damage.
Gastronok is severely wounded.
You completely miss Gastronok.
Gastronok is severely wounded.
Gastronok barely misses you.
You slash Gastronok! You burn Gastronok. You headbutt Gastronok.
Gastronok is severely wounded.
You hit Gastronok but do no damage.
Gastronok is severely wounded.
You hit Gastronok. You burn Gastronok. You headbutt Gastronok!
Gastronok is almost dead.
Gastronok waves his eye-stalks in wide circles.
The air twists around and strikes you!
You slash Gastronok! You burn Gastronok.
Gastronok is almost dead.
You hit Gastronok but do no damage.
Gastronok is almost dead.
You hit Gastronok but do no damage.
Gastronok is almost dead.
Gastronok waves his eye-stalks in wide circles.
The air twists around and strikes you!!
* * * LOW HITPOINT WARNING * * *
You slash Gastronok! You burn Gastronok. You headbutt Gastronok.
Gastronok is almost dead.
You hit Gastronok. You burn Gastronok. You headbutt Gastronok.
Gastronok is almost dead.
You hit Gastronok. You burn Gastronok.
Gastronok is almost dead.
Gastronok bites you!!
You die...

.....w #.P....
.......
##.......
#.....>h. .
#....Y... ..#
#........ ..
#w# ..# #@# ...
#<# .## #.## ##
#..# #.. ..
#..# #.. ....
####..# #.#
...... #...[.#
#.# #..###
#.###.# #.#
#..# #.#
#.###.######..#


You could see Gastronok (swift).

Vanquished Creatures
  Pikel (D:4)
  2 centaur zombies
  A wyvern (D:8)
  A yak (D:8)
  Eustachio (D:6)
  2 water moccasins
  2 orc warriors
  3 black bears
  An ice beast (D:5)
  2 ogres
  2 necrophages
  4 lemures
  3 kobold brigands (Sewer)
  2 bullfrogs
  A scorpion (D:6)
  A water moccasin zombie (D:5)
  2 bullfrog zombies
  A jelly (D:5)
  A centaur skeleton (D:6)
  A bullfrog skeleton (D:6)
  9 hounds
  3 iguanas
  Terence (D:3)
  6 orc wizards
  A hound skeleton (D:4)
  A gnoll (D:1)
  A howler monkey skeleton (D:3)
  11 adders
  A river rat (D:3)
  A white imp (D:7)
  2 ufetubi
  An adder skeleton (D:4)
  3 worms
  2 dart slugs
  22 orcs
  8 ball pythons
  9 endoplasms
  A giant cockroach (D:3)
  3 goblins
  12 hobgoblins
  5 jackals
  A quokka (D:2)
  8 bats
  10 frilled lizards
  17 kobolds
  6 rats
179 creatures vanquished.

Vanquished Creatures (collateral kills)
  A ball python (D:4)
1 creature vanquished.

Vanquished Creatures (others)
  9 plants (D:3)
9 creatures vanquished.

Grand Total: 189 creatures vanquished

Notes
Turn   | Place    | Note
-------+----------+-------------------------------------------
     0 | D:1      | nicanaca0 the Minotaur Berserker began the quest for the
                  | Orb.
     0 | D:1      | Reached XP level 1. HP: 19/19 MP: 0/0
    66 | D:1      | Reached skill level 4 in Long Blades
    66 | D:1      | Reached XP level 2. HP: 20/26 MP: 1/1
   675 | D:2      | Reached skill level 5 in Long Blades
   675 | D:2      | Reached XP level 3. HP: 31/31 MP: 2/2
   759 | D:2      | Found a faded altar of an unknown god.
   888 | D:2      | Reached ** piety under Trog
  1002 | D:2      | Reached skill level 6 in Long Blades
  1002 | D:2      | Reached XP level 4. HP: 39/39 MP: 3/3
  1225 | D:3      | Found a glowing drain.
  1241 | Sewer    | Entered a sewer
  1438 | Sewer    | Noticed a kobold brigand
  1450 | Sewer    | Killed a kobold brigand
  1451 | Sewer    | Reached skill level 7 in Long Blades
  1451 | Sewer    | Reached XP level 5. HP: 45/45 MP: 4/4
  1572 | Sewer    | Reached skill level 8 in Long Blades
  1714 | Sewer    | Reached XP level 6. HP: 37/51 MP: 5/5
  1822 | D:3      | Reached *** piety under Trog
  2014 | D:3      | Noticed Terence
  2040 | D:3      | Killed Terence
  2224 | D:3      | Found a bloodstained altar of Trog.
  2583 | D:3      | Found a stormy altar of Qazlal.
  2586 | D:3      | Found a glowing golden altar of the Shining One.
  2906 | D:4      | Noticed Pikel
  3029 | D:4      | Reached skill level 9 in Long Blades
  3316 | D:4      | Found a staircase to the Ecumenical Temple.
  3338 | Temple   | Entered the Ecumenical Temple
  3471 | D:4      | Reached XP level 7. HP: 59/59 MP: 6/6
  3611 | D:4      | Killed Pikel
  3612 | D:4      | Reached skill level 5 in Fighting
  3612 | D:4      | Reached skill level 10 in Long Blades
  3672 | D:4      | Reached XP level 8. HP: 35/69 MP: 7/7
  4099 | D:5      | Entered Level 5 of the Dungeon
  4151 | D:5      | Reached skill level 5 in Armour
  4184 | D:5      | Reached skill level 11 in Long Blades
  4335 | D:5      | Found an iron altar of Okawaru.
  4335 | D:5      | Found a broken altar of Ashenzari.
  4436 | D:5      | Upgraded the game from 0.28-a0-440-ge3cd3e9c68 to
                  | 0.28-a0-447-g1f95980246
  4462 | D:5      | Found a blossoming altar of Fedhas.
  4507 | D:5      | Found a radiant altar of Vehumet.
  4621 | D:5      | Reached **** piety under Trog
  4877 | D:5      | Reached XP level 9. HP: 72/78 MP: 8/8
  5514 | D:5      | Identified the +8 spear of Qocei {vorpal, rCorr MP+9}
  5615 | D:6      | Noticed Eustachio
  5669 | D:6      | Killed Eustachio
  5670 | D:6      | Reached skill level 12 in Long Blades
  5873 | D:6      | Noticed Blork the orc
  5966 | D:6      | Found a hazy altar of Hepliaklqana.
  6161 | D:6      | Found a sacrificial altar of Ru.
  6471 | D:6      | Found a shimmering blue altar of Sif Muna.
  6905 | D:7      | Found a shimmering altar of Xom.
  7335 | D:8      | Found a staircase to the Lair.
  7335 | D:8      | Noticed Gastronok
  7346 | D:8      | Reached skill level 1 in Evocations
  7349 | D:8      | Reached skill level 13 in Long Blades
  7394 | D:8      | Mangled by Gastronok

Illustrated notes

Levels and vault maps discovered:
D:1:      lordsloth_arrival_two_stooges, layout_rooms, minmay_quantized
D:2:      layout_rooms, serial_corexii_hall, corexii_hall_statues_l,
          corexii_hall_statues_s, hellmonk_ecumenical_altar_pennies_from_heaven
D:3:      layout_rooms, lemuel_tele_altar, mainiacjoe_overflow_catwalk_spiral,
          cheibrodos_sewer_entry_sluice, minmay_lizard_king, uniq_terence
D:4:      layout_rooms, minmay_temple_entry_wispy, uniq_pikel
D:5:      layout_cave_pods, mainiacjoe_overflow_small_starburst,
          gammafunk_temple_overflow_pools, lemuel_doored_altar,
          minmay_misc_feat_doors
D:6:      layout_rooms, hangedman_ru_absence, tgw_sif,
          nicolae_overflow_crystal_walls, uniq_eustachio
D:7:      layout_rooms, xom_butterflies
D:8:      layout_loops_ring, david_lair_generic, uniq_maurice, uniq_psyche,
          uniq_gastronok
Temple:   nicolae_temple_figure_zero

Skill      XL: |  1  2  3  4  5  6  7  8  9 |
---------------+----------------------------+-----
Long Blades    | 4 5 6 7 8 9 10 11 13 | 13.1
Fighting       | 4 5 6 8 |  8.4
Armour         | 3 4 6 8 |  8.0
Evocations     | 1 |  1.5
Dodging        | |  2.1

Action                   |  1- 3 |  4- 6 |  7- 9 || total
-------------------------+-------+-------+-------++-------
Melee: Falchion          |    54 |   191 |   275 ||   520
       Headbutt          |     8 |    37 |    80 ||   125
       Spear             |       |       |    57 ||    57
 Fire: Hunting sling     |       |       |    11 ||    11
Throw: Stone             |    35 |   141 |   138 ||   314
       Dart              |       |     2 |     5 ||     7
Invok: Berserk           |     1 |     3 |     2 ||     6
       Trog's Hand       |       |     1 |     6 ||     7
Evoke: Wand              |       |       |     1 ||     1
  Use: Scroll            |       |     6 |     9 ||    15
       Potion            |       |     3 |     2 ||     5
 Stab: Invisible         |       |       |     1 ||     1
Armor: Chain mail        |    18 |   112 |   215 ||   345
       Plate armour      |       |       |    46 ||    46
Dodge: Dodged            |    26 |    85 |   118 ||   229

Table legend: (Time is in decaauts)
 A = Elapsed time spent in this place.
 B = Non-inter-level travel time spent in this place.
 C = Inter-level travel time spent in this place.
 D = Time resting spent in this place.
 E = Time spent auto-exploring this place.
 F = Levels seen in this place.
 G = Mean time per level.
                   A        B        C        D        E       F      G
               +--------+--------+--------+--------+--------+-----+--------+
         Total |   7394 |   7154 |    240 |    680 |   4883 |  10 |  739.4 |
       Dungeon |   6648 |   6408 |    240 |    521 |   4452 |   8 |  831.0 |
        Temple |    125 |    125 |      0 |    107 |      0 |   1 |  125.0 |
         Sewer |    620 |    620 |      0 |     51 |    430 |   1 |  620.0 |
               +--------+--------+--------+--------+--------+-----+--------+

Top non-repeatable levels by time:
     D:5: 1491 daAuts
     D:3: 1344 daAuts
     D:6: 938 daAuts
     D:4: 823 daAuts
     D:1: 623 daAuts
   Sewer: 620 daAuts
     D:2: 613 daAuts
     D:7: 524 daAuts
     D:8: 289 daAuts
  Temple: 125 daAuts
